 Dungeon Crawl Stone Soup version 0.29.0-15-g675c0067aa (webtiles) character file.

Game seed: 10604998992850289074

0 qw the Sneak (level 1, 0/14 HPs)
             Began as a Gargoyle Delver on Sept 11, 2022.
             Slain by a scorpion (3 damage)
             ... on level 5 of the Dungeon.
             The game lasted 00:00:02 (36 turns).

qw the Sneak (Gargoyle Delver)                        Turns: 36, Time: 00:00:02

Health: 0/14       AC:  5    Str: 15    XL:     1   Next: 10%
Magic:  1/1        EV: 11    Int: 10    God:
Gold:   0          SH:  0    Dex: 11    Spells: 0/0 levels left

rFire   . . .      SeeInvis .   a - +0 hand axe
rCold   . . .      Faith    .   (no shield)
rNeg    + . .      Spirit   .   b - +0 leather armour
rPois   inf        Reflect  .   (no helmet)
rElec   +          Harm     .   (no cloak)
rCorr   .          Rampage  .   (no gloves)
Will    .....                   (no boots)
Stlth   +++.......              (no amulet)
HPRegen 0.04/turn               (no ring)
MPRegen 0.07/turn               (no ring)

@: no status effects
A: sickness immunity, AC +2, negative energy resistance 1, electricity
resistance, torment resistance 1, petrification resistance
a: no special abilities


You were on level 5 of the Dungeon.
You visited 1 branch of the dungeon, and saw 1 of its levels.


Innate Abilities, Weirdness & Mutations

You are immune to sickness and miasma.
Your stone body is resilient. (AC +2)
You are immune to poison.
You resist negative energy. (rN+)
You are resistant to electric shocks. (rElec)
You are resistant to unholy torment.
You are immune to petrification.


   Skills:
 - Level 3.2 Fighting
 + Level 1.8 Axes
 - Level 1.5 Dodging
 - Level 5.4 Stealth


You couldn't memorise any spells.
You didn't know any spells.
Your spell library was empty.

Inventory:

Hand Weapons
 a - a +0 hand axe (weapon)
Armour
 b - a +0 leather armour (worn)
Wands
 g - a wand of digging (3)
Scrolls
 c - a scroll of fog
 d - a scroll of magic mapping
 e - a scroll of fear
Potions
 f - a potion of haste

Dungeon Overview and Level Annotations

Branches:
Dungeon (5/15)
 Temple: D:4-7

Altars:


Message History

Press ? for a list of commands and other information.
Found a stone staircase leading down.
Assign waypoint to what number? (0-9) Waypoint 2 assigned to D:5.
0 ||| PLANNING D:1-11 A scorpion comes into view.
Found a stone staircase leading up.
An orc zombie comes into view.
A hobgoblin zombie comes into view.
The scorpion stings you but does no damage.
You barely miss the scorpion. The scorpion barely misses you.
The scorpion completely misses you.
You hit the scorpion but do no damage. The scorpion closely misses you.
You closely miss the scorpion. You hit the orc zombie.
The scorpion closely misses you.
The orc zombie hits you but does no damage.
You hit the orc zombie.
The orc zombie is almost destroyed.
You barely miss the scorpion. The scorpion stings you.
The orc zombie hits you but does no damage.
The scorpion barely misses you.
You barely miss the orc zombie.
The orc zombie is almost destroyed.
You hit the scorpion but do no damage.
The scorpion stings you but does no damage.
The orc zombie hits you.
You barely miss the orc zombie.
The orc zombie is almost destroyed.
You barely miss the scorpion. The scorpion stings you.
The orc zombie closely misses you. The scorpion closely misses you.
You hit the orc zombie.
You destroy the orc zombie!
You barely miss the scorpion. The scorpion stings you.
You hit the scorpion but do no damage. The scorpion stings you.
You die...

#..######.#
#..# .# #
#..# .#
#..# Z.#
#..# ...#
#..##..##.
#.........
#.........
#.@....<..
#s........
##########


You could see a scorpion and a hobgoblin zombie (dormant).

Vanquished Creatures
  An orc zombie (D:5)
1 creature vanquished.

Notes
Turn   | Place    | Note
-------+----------+-------------------------------------------
     0 | D:5      | qw the Gargoyle Delver began the quest for the Orb.
     0 | D:5      | Reached XP level 1. HP: 14/14 MP: 1/1
     0 | D:5      | 0 ||| qw: Version: 0.1-a-118-gb4e7ce6
     0 | D:5      | 0 ||| qw: Game counter: 10427
     0 | D:5      | 0 ||| qw: Always use a shield: true
     0 | D:5      | 0 ||| qw: God list: Okawaru
     0 | D:5      | 0 ||| qw: Allow faded altars: false
     0 | D:5      | 0 ||| qw: Do Orc after D:15 true
     0 | D:5      | 0 ||| qw: Do second Lair branch before Depths: true
     0 | D:5      | 0 ||| qw: Lair rune preference: random
     0 | D:5      | 0 ||| qw: Plans: Normal
     0 | D:5      | 0 ||| PLANNING D:1-11
    12 | D:5      | Noticed a scorpion
    35 | D:5      | HP: 3/14 [scorpion (2)]
    36 | D:5      | Slain by a scorpion

Levels and vault maps discovered:
D:5:      cheibrodos_quashed, layout_rooms, kennysheep_little_box, trog_wizard,
          mainiacjoe_overflow_chevrons, cheibrodos_sewer_entry_drain,
          minmay_mini_ossuary

Action                   || total
-------------------------++-------
Melee: Hand axe          ||     8
Armor: Leather armour    ||     4
Dodge: Dodged            ||     7

Table legend:
 A = Non-vault XP
 B = Vault XP
 C = Vault XP percentage of total XP
 D = Non-vault monster count
 E = Vault monster count
 F = Vault count percentage of total count
                 A         B        C        D         E       F
            +---------+---------+-------+---------+---------+-------
      Total |       0 |       1 | 100.0 |       0 |       1 | 100.0
            +---------+---------+-------+---------+---------+-------
        D:5 |       0 |       1 | 100.0 |       0 |       1 | 100.0
            +---------+---------+-------+---------+---------+-------
